 Dungeon Crawl Stone Soup version 0.31-a0-489-g282fc92437 (webtiles) character file.

Game seed: 4460489961170379968

189 Ethylacetat the Sneak (level 5, 0/36 HPs)
             Began as an Octopode Brigand on Aug 8, 2023.
             Slain by Natasha (8 damage)
             ... on level 3 of the Dungeon.
             The game lasted 00:02:49 (2145 turns).

Ethylacetat the Sneak (Octopode Brigand)            Turns: 2145, Time: 00:02:49

Health: 0/36       AC:  1    Str: 10    XL:     5   Next: 68%
Magic:  5/5        EV: 13    Int: 14    God:
Gold:   177        SH:  4    Dex: 15    Spells: 4/4 levels left

rFire   . . .        a - +2 dagger
rCold   . . .        i - +0 buckler
rNeg    . . .        (helmet currently unavailable)
rPois   .            (no amulet)
rElec   .            (no ring)
rCorr   .            (no ring)
SInv    .            (no ring)
Will    +....        (no ring)
Stlth   ++++         (no ring)
HPRegen 0.26/turn    (no ring)
MPRegen 0.09/turn    (no ring)
                     (no ring)

%: no passive effects
@: beast-form
A: beast (slay +1), almost no armour, amphibious, 8 rings, camouflage 1,
gelatinous body 1, (nimble swimmer 1), tentacles, strong-willed 1
a: Begin Untransformation


You were on level 3 of the Dungeon.
You were a hulking beast.
You visited 1 branch of the dungeon, and saw 3 of its levels.

You collected 177 gold pieces.

Inventory:

Hand Weapons
 a - a +2 dagger (weapon)
Missiles
 b - 18 poisoned darts (quivered)
 c - 3 curare-tipped darts
Armour
 i - a +0 buckler (worn)
Talismans
 h - a beast talisman (active)
Wands
 m - a wand of polymorph (6)
Scrolls
 f - 2 scrolls of identify {unknown}
 j - 2 scrolls of amnesia {unknown}
 l - a scroll of immolation {unknown}
 o - a scroll of silence {unknown}
Potions
 d - a potion of mutation
 e - 2 potions of resistance {unknown}
 g - a potion of heal wounds {unknown}
 k - a potion of degeneration {unknown}


   Skills:
 + Level 3.5 Fighting
 - Level 2.0 Short Blades
 - Level 2.0 Throwing
 + Level 3.1 Dodging
 - Level 5.3 Stealth
 * Level 2.3 Shapeshifting


You had 4 spell levels left.
You didn't know any spells.
Your spell library was empty.

Dungeon Overview and Level Annotations

Branches:
Dungeon (3/15)

Altars:

Shops:
D:1 [

Annotations:
D:3 Natasha


Innate Abilities, Weirdness & Mutations

You are a hulking beast.
Your limbs bulge with bestial killing power. (Slay +1)
You cannot wear most types of armour.
You are amphibious.
You can wear up to eight rings at the same time.
Your skin changes colour to match your surroundings (Stealth+).
Your rubbery body absorbs attacks. (AC +1, EV +1)
((You are camouflaged when in or above water. (Stealth+)))
You have tentacles for arms and can constrict up to eight enemies at once.
You are strong-willed. (Will+)


Message History

Natasha is moderately wounded.
You constrict Natasha, but do no damage.
Natasha claws you. Natasha closely misses you.
You are too injured to fight recklessly!
You are too injured to fight recklessly!
You are too injured to fight recklessly!
You hit Natasha.
Natasha is heavily wounded.
You constrict Natasha.
Natasha stares at you and mumbles some strange words.
You resist with some effort.
You hit Natasha.
Natasha is severely wounded.
You constrict Natasha, but do no damage.
Natasha claws you!
Natasha stares at you and mumbles some strange words.
The magic dart hits you.
* * * LOW HITPOINT WARNING * * *
You hit Natasha.
Natasha is almost dead.
You constrict Natasha.
You kill Natasha!
Natasha screams in pain as she dies!
You feel yourself speed up.
Natasha, Servant of Life and Death comes into view.
Natasha casts a spell at you. The magic dart hits you.
* * * LOW HITPOINT WARNING * * *
You are too injured to fight recklessly!
Unknown command.
Okay, then.
Natasha mumbles some strange words.
You closely miss Natasha. You grab Natasha.
You constrict Natasha, but do no damage.
Natasha extends her claws.
Natasha casts a spell.
It was a potion of mutation.
You feel extremely strange.
You feel strong-willed.
You constrict Natasha. Natasha claws you!
You die...

#........# ########.
#........ #.......
##....... #.######
....?.. #.#..... .....
#.#.#### ... #.#.# #5#
#.#.#### #h# #.#.....
########h#########.#.###<
#........5.........######
#........###.............
#........# #.############
#........# #.#.......#...
#........# #.#.#.........
#........# #.#.#.###.#.#.
#........# #.#.#.# #.#.#.
#........# #.#<..# #.# #.


You could see Natasha and 2 cerulean imps.

Vanquished Creatures
  Terence (D:3)
  Natasha (twice) (D:3)
  An iguana (D:3)
  2 adders
  2 worms
  A dart slug (D:1)
  An orc (D:3)
  4 ball pythons
  5 endoplasms
  A giant cockroach (D:2)
  7 goblins
  4 hobgoblins
  5 jackals (D:1)
  A quokka (D:1)
  6 bats
  3 frilled lizards
  9 kobolds
  7 rats
62 creatures vanquished.

Notes
Turn   | Place    | Note
-------+----------+-------------------------------------------
     0 | D:1      | Ethylacetat the Octopode Brigand began the quest for the
                  | Orb.
     0 | D:1      | Reached XP level 1. HP: 14/14 MP: 1/1
   225 | D:1      | Reached XP level 2. HP: 20/20 MP: 2/2
   348 | D:1      | Found Bioluupt's Armour Boutique.
   677 | D:1      | Reached XP level 3. HP: 25/25 MP: 3/3
  1360 | D:2      | Reached skill level 1 in Shapeshifting
  1406 | D:2      | Reached XP level 4. HP: 31/31 MP: 4/4
  1625 | D:3      | Noticed Terence
  1634 | D:3      | HP: 1/31 [Terence/+0 mace (7)]
  1635 | D:3      | Killed Terence
  1799 | D:3      | Reached XP level 5. HP: 19/36 MP: 5/5
  1928 | D:3      | Noticed Natasha
  1939 | D:3      | Killed Natasha
  2113 | D:3      | Noticed Natasha
  2126 | D:3      | Killed Natasha
  2141 | D:3      | Noticed Natasha
  2145 | D:3      | Gained mutation: You are strong-willed. (Will+) [potion of
                  | mutation]
  2145 | D:3      | Slain by Natasha

Illustrated notes

Levels and vault maps discovered:
D:1:      ncdulo_lavacross, layout_basic, serial_shops, nicolae_shop_scrapyard
D:2:      layout_basic
D:3:      layout_basic, uniq_natasha, uniq_terence

Skill      XL: |  1  2  3  4  5 |
---------------+----------------+-----
Dodging        | 2 3 |  3.1
Fighting       | 3 |  3.5
Shapeshifting  | 1 2 |  2.3
Short Blades   | |  2.0
Throwing       | |  2.0
Stealth        | |  5.3

Action                     |  1- 3 |  4- 6 || total
---------------------------+-------+-------++-------
  Melee: Dagger            |    62 |    47 ||   109
         Constrict         |    13 |    12 ||    25
         Tentacles         |     9 |    11 ||    20
    Use: Potion            |       |     1 ||     1
   Stab: Sleeping          |    16 |     7 ||    23
 Armour: Skin              |     3 |       ||     3
  Dodge: Dodged            |    25 |     9 ||    34
  Block: Buckler           |     1 |     6 ||     7
   Form: Beast             |     1 |       ||     1

Table legend: (Time is in decaauts)
 A = Elapsed time spent in this place.
 B = Non-inter-level travel time spent in this place.
 C = Inter-level travel time spent in this place.
 D = Time resting spent in this place.
 E = Time spent auto-exploring this place.
 F = Levels seen in this place.
 G = Mean time per level.
                   A        B        C        D        E       F      G
               +--------+--------+--------+--------+--------+-----+--------+
         Total |   2152 |   2083 |     69 |    117 |   1545 |   3 |  717.3 |
       Dungeon |   2152 |   2083 |     69 |    117 |   1545 |   3 |  717.3 |
               +--------+--------+--------+--------+--------+-----+--------+

Top non-repeatable levels by time:
     D:1: 839 daAuts
     D:2: 665 daAuts
     D:3: 647 daAuts
